CAL
SAN JOSE GIANTS @ MODESTO NUTS
09/10/2099
 
TOP OF THE 1ST
San Jose Giants batting - Pitching for Modesto Nuts : RHP Neal Gregory
Pitching: RHP Neal Gregory
Batting: RHB William Rodriguez 0-0: Ball
1-0: Foul Ball, location: 25FF
1-1: SINGLE (Line Drive, 4M, EV 97.5 MPH)
Batting: SHB Bryan Edwards 0-0: Ball
1-0: Called Strike
1-1: Foul Ball, location: 7LMF
1-2: Ball
Wild Pitch!
William Rodriguez to second
2-2: Ball
3-2: Fly out, F7 (Flyball, 78S, EV 75.6 MPH)
Batting: LHB Justin Johnson 0-0: Ball
1-0: Foul Ball, location: 5SF
1-1: Ball
2-1: Ball
3-1: Called Strike
3-2: Fly out, F7 (Flyball, 78M, EV 89.4 MPH)
Batting: LHB Jonathan Duarte 0-0: Foul Ball, location: 5SF
0-1: Called Strike
0-2: Foul Ball, location: 3SF
0-2: Ball
1-2: DOUBLE (Flyball, 78D, EV 105.6 MPH)
William Rodriguez scores
Batting: RHB Jonathan Marrazzo 0-0: Called Strike
0-1: Called Strike
0-2: Fly out, F7 (Flyball, 7, EV 89.4 MPH)
Top of the 1st over - 1 run, 2 hits, 0 errors, 1 left on base; San Jose 1 - Modesto 0
BOTTOM OF THE 1ST
Modesto Nuts batting - Pitching for San Jose Giants : LHP Junior Elling
Pitching: LHP Junior Elling
Batting: SHB John Hardy 0-0: Swinging Strike
0-1: Ball
1-1: Foul Ball, location: 3DF
1-2: Ball
2-2: Strikes out swinging
Batting: RHB Jorge Jacobo 0-0: Called Strike
0-1: SINGLE (Line Drive, 34, EV 96.9 MPH)
Batting: RHB David Pender 0-0: Ball
1-0: Fly out, F8 (Flyball, 8LXD, EV 111.3 MPH)
Batting: LHB Matt Fahey 0-0: Called Strike
0-1: Ball
1-1: Ball
Jorge Jacobo steals 2nd base
2-1: DOUBLE (Line Drive, 89D, EV 110.6 MPH)
Jorge Jacobo scores
Batting: RHB Jesus Gutierrez 0-0: Fly out, F8 (Flyball, 78M, EV 92.5 MPH)
Bottom of the 1st over - 1 run, 2 hits, 0 errors, 1 left on base; San Jose 1 - Modesto 1
TOP OF THE 2ND
San Jose Giants batting - Pitching for Modesto Nuts : RHP Neal Gregory
Batting: LHB Jeff Reed 0-0: Called Strike
0-1: Foul Ball, location: 2LF
0-2: Fly out, F7 (Flyball, 7, EV 80.0 MPH)
Batting: RHB Campbell Ball 0-0: Ball
1-0: Ball
2-0: Ball
3-0: Base on Balls
Batting: RHB Chris Meyer 0-0: Swinging Strike
Campbell Ball is caught stealing 2nd base 2-4
0-1: Ball
1-1: Fly out, F2 (Popup, 2L, EV 93.8 MPH)
Top of the 2nd over - 0 runs, 0 hits, 0 errors, 0 left on base; San Jose 1 - Modesto 1
BOTTOM OF THE 2ND
Modesto Nuts batting - Pitching for San Jose Giants : LHP Junior Elling
Batting: RHB Joe Couch 0-0: Ball
1-0: Foul Ball, location: 2F
1-1: Called Strike
1-2: Ball
2-2: Ball
3-2: Strikes out looking
Batting: RHB Danny Morales 0-0: Foul Ball, location: 3FF
0-1: Ball
1-1: Ground out 6-3 (Groundball, 6S, EV 66.3 MPH)
Batting: RHB Jonathan Carll 0-0: Ball
1-0: Called Strike
1-1: Called Strike
1-2: Ball
2-2: Ball
3-2: Base on Balls
Batting: RHB Archie Brown 0-0: Ball
1-0: Called Strike
1-1: Called Strike
1-2: Foul Ball, location: 9LDF
1-2: Ball
2-2: Foul Ball, location: 25FF
2-2: Ball
3-2: Base on Balls
Jonathan Carll to second
Batting: SHB John Hardy 0-0: Called Strike
0-1: Called Strike
0-2: Strikes out swinging
Bottom of the 2nd over - 0 runs, 0 hits, 0 errors, 2 left on base; San Jose 1 - Modesto 1
TOP OF THE 3RD
San Jose Giants batting - Pitching for Modesto Nuts : RHP Neal Gregory
Batting: RHB John Epley 0-0: Ball
1-0: Foul Ball, location: 2F
1-1: Swinging Strike
1-2: Ball
2-2: SOLO HOME RUN (Line Drive, 8LXD, EV 112.5 MPH), Distance : 447 ft
Batting: RHB William Rodriguez 0-0: Ball
1-0: Ball
2-0: Ground out 5-3 (Groundball, 25, EV 83.8 MPH)
Batting: SHB Bryan Edwards 0-0: Foul Ball, location: 9LMFF
0-1: Ball
1-1: Swinging Strike
1-2: Strikes out swinging
Batting: LHB Justin Johnson 0-0: Swinging Strike
0-1: Foul Ball, location: 5SF
0-2: Ball
1-2: Strikes out swinging
Top of the 3rd over - 1 run, 1 hit, 0 errors, 0 left on base; San Jose 2 - Modesto 1
BOTTOM OF THE 3RD
Modesto Nuts batting - Pitching for San Jose Giants : LHP Junior Elling
Batting: RHB Jorge Jacobo 0-0: Ball
1-0: Ball
2-0: Ground out 5-3 (Groundball, 56S, EV 72.5 MPH)
Batting: RHB David Pender 0-0: Ball
1-0: Ground out U3 (Groundball, 34, EV 85.6 MPH)
Batting: LHB Matt Fahey 0-0: Swinging Strike
0-1: Ball
1-1: Foul Ball, location: 2F
1-2: Strikes out swinging
Bottom of the 3rd over - 0 runs, 0 hits, 0 errors, 0 left on base; San Jose 2 - Modesto 1
TOP OF THE 4TH
San Jose Giants batting - Pitching for Modesto Nuts : RHP Neal Gregory
Batting: LHB Jonathan Duarte 0-0: Foul Ball, location: 5SF
0-1: Called Strike
0-2: Foul Ball, location: 3F
0-2: Foul Ball, location: 7LSF
0-2: Foul Ball, location: 9LMFF
0-2: Foul Ball, location: 23F
0-2: Ball
1-2: Ball
2-2: Ground out 4-3 (Groundball, 4, EV 105.6 MPH)
Batting: RHB Jonathan Marrazzo 0-0: Foul Ball, location: 5F
0-1: Ball
1-1: Ball
2-1: Ball
3-1: Base on Balls
Batting: LHB Jeff Reed 0-0: Fly out, F8 (Flyball, 8LD, EV 102.5 MPH)
Batting: RHB Campbell Ball 0-0: Ground out U3 (Groundball, 34S, EV 79.4 MPH)
Top of the 4th over - 0 runs, 0 hits, 0 errors, 1 left on base; San Jose 2 - Modesto 1
BOTTOM OF THE 4TH
Modesto Nuts batting - Pitching for San Jose Giants : LHP Junior Elling
Batting: RHB Jesus Gutierrez 0-0: Called Strike
0-1: SINGLE (Groundball, 6MD, EV 107.5 MPH)
Batting: RHB Joe Couch 0-0: Foul Ball, location: 2F
0-1: Fielders Choice at 2nd, 5-4 (Groundball, 5, EV 105.0 MPH)
Batting: RHB Danny Morales 0-0: Foul Ball, location: 7LDF
0-1: Called Strike
0-2: SINGLE (Groundball, 6M, EV 89.4 MPH) (infield hit)
Joe Couch to second
Batting: RHB Jonathan Carll 0-0: Ball
1-0: Ball
2-0: Ball
3-0: Called Strike
3-1: Base on Balls
Joe Couch to third
Danny Morales to second
Pinch Hitting: RHB Eddie Trevino 0-0: SINGLE (Line Drive, 56, EV 108.8 MPH)
Joe Couch scores
Danny Morales to third
Jonathan Carll to second
Batting: SHB John Hardy 0-0: Called Strike
0-1: Ball
1-1: Foul Ball, location: 5FF
1-2: Foul Ball, location: 3F
1-2: Strikes out swinging
Batting: RHB Jorge Jacobo 0-0: Called Strike
0-1: Foul Ball, location: 2F
0-2: Ball
1-2: Foul Ball, location: 2F
1-2: Strikes out swinging
Bottom of the 4th over - 1 run, 3 hits, 0 errors, 3 left on base; San Jose 2 - Modesto 2
TOP OF THE 5TH
San Jose Giants batting - Pitching for Modesto Nuts : RHP Neal Gregory
Now at 2B: Fernando Gallegos
Now at SS: Joe Couch
Batting: RHB Chris Meyer 0-0: Ball
1-0: Fly out, F7 (Flyball, 78S, EV 88.8 MPH)
Batting: RHB John Epley 0-0: Ball
1-0: Ball
2-0: Ball
3-0: Called Strike
3-1: Foul Ball, location: 3F
3-2: Strikes out swinging
Batting: RHB William Rodriguez 0-0: Ball
1-0: Called Strike
1-1: Ball
2-1: Ball
3-1: Ground out 4-3 (Groundball, 4, EV 83.8 MPH)
Top of the 5th over - 0 runs, 0 hits, 0 errors, 0 left on base; San Jose 2 - Modesto 2
BOTTOM OF THE 5TH
Modesto Nuts batting - Pitching for San Jose Giants : LHP Junior Elling
Batting: RHB David Pender 0-0: Ball
1-0: Swinging Strike
1-1: Foul Ball, location: 2F
1-2: Strikes out swinging
Batting: LHB Matt Fahey 0-0: Foul Ball, location: 7LDF
0-1: Called Strike
0-2: DOUBLE (Flyball, 8RXD, EV 77.5 MPH)
Batting: RHB Jesus Gutierrez 0-0: Foul Ball, location: 23F
0-1: Called Strike
0-2: Ball
1-2: Foul Ball, location: 3F
1-2: Ball
2-2: Ball
3-2: Base on Balls
Pitching: RHP Art Putman
Batting: RHB Joe Couch 0-0: Ball
1-0: Called Strike
1-1: Called Strike
1-2: Strikes out looking
Batting: RHB Danny Morales 0-0: Swinging Strike
0-1: Foul Ball, location: 9LSF
0-2: Ball
1-2: Fly out, F3 (Line Drive, 34, EV 61.9 MPH)
Bottom of the 5th over - 0 runs, 1 hit, 0 errors, 2 left on base; San Jose 2 - Modesto 2
TOP OF THE 6TH
San Jose Giants batting - Pitching for Modesto Nuts : RHP Neal Gregory
Batting: SHB Bryan Edwards 0-0: Ball
1-0: Foul Ball, location: 5FF
1-1: Ball
2-1: SOLO HOME RUN (Flyball, 9LD, EV 88.8 MPH), Distance : 323 ft
Batting: LHB Justin Johnson 0-0: Ball
1-0: Fly out, F8 (Flyball, 8LM, EV 100.0 MPH)
Batting: LHB Jonathan Duarte 0-0: Called Strike
0-1: Ball
1-1: Called Strike
1-2: Ball
2-2: Ball
3-2: Foul Ball, location: 7LDF
3-2: Foul Ball, location: 3FF
3-2: TRIPLE (Flyball, 8RXD, EV 93.1 MPH)
Batting: RHB Jonathan Marrazzo 0-0: Called Strike
0-1: Foul Ball, location: 7LSF
0-2: Foul Ball, location: 2F
0-2: Strikes out swinging
Pitching: LHP Jim Gayle
Batting: LHB Jeff Reed 0-0: Foul Ball, location: 7LMF
0-1: Ground out 6-3 (Groundball, 6M, EV 103.1 MPH)
Top of the 6th over - 1 run, 2 hits, 0 errors, 1 left on base; San Jose 3 - Modesto 2
BOTTOM OF THE 6TH
Modesto Nuts batting - Pitching for San Jose Giants : RHP Art Putman
Batting: RHB Jonathan Carll 0-0: SINGLE (Line Drive, 4D, EV 96.9 MPH)
Batting: RHB Fernando Gallegos 0-0: Ball
1-0: Called Strike
1-1: Ball
2-1: SINGLE (Groundball, 4MD, EV 100.0 MPH)
Jonathan Carll to second
Batting: SHB John Hardy 0-0: Fly out, F7 (Flyball, 7D, EV 103.1 MPH)
Batting: RHB Jorge Jacobo 0-0: Ball
1-0: Ball
2-0: Ball
3-0: Called Strike
3-1: Called Strike
3-2: Base on Balls
Jonathan Carll to third
Fernando Gallegos to second
Batting: RHB David Pender 0-0: Ball
1-0: Called Strike
1-1: Foul Ball, location: 25F
1-2: Strikes out swinging
Batting: LHB Matt Fahey 0-0: Foul Ball, location: 3F
0-1: Fielders Choice at 2nd, U6 (Groundball, 6M, EV 85.0 MPH)
Bottom of the 6th over - 0 runs, 2 hits, 0 errors, 3 left on base; San Jose 3 - Modesto 2
TOP OF THE 7TH
San Jose Giants batting - Pitching for Modesto Nuts : LHP Jim Gayle
Batting: RHB Campbell Ball 0-0: Swinging Strike
0-1: Ball
1-1: Ground out 6-3 (Groundball, 56, EV 110.6 MPH)
Batting: RHB Chris Meyer 0-0: SINGLE (Line Drive, 9S, EV 100.6 MPH)
Batting: RHB John Epley 0-0: Foul Ball, location: 9LSF
0-1: Swinging Strike
0-2: Ball
1-2: Foul Ball, location: 2F
1-2: Foul Ball, location: 3SF
1-2: Ball
2-2: Ball
3-2: Base on Balls
Chris Meyer to second
Batting: RHB William Rodriguez 0-0: Ball
1-0: Fielders Choice at 2nd, 6-4 (Groundball, 6, EV 78.8 MPH)
Chris Meyer to third
Batting: SHB Bryan Edwards 0-0: Foul Ball, location: 2F
0-1: Ball
1-1: Called Strike
1-2: Ball
2-2: Ball
3-2: Foul Ball, location: 7LSF
3-2: Base on Balls
William Rodriguez to second
Batting: LHB Justin Johnson 0-0: Called Strike
0-1: Ball
1-1: Ball
2-1: Ball
3-1: Foul Ball, location: 25F
3-2: Foul Ball, location: 2F
3-2: Foul Ball, location: 2F
3-2: Foul Ball, location: 23F
3-2: Strikes out swinging
Top of the 7th over - 0 runs, 1 hit, 0 errors, 3 left on base; San Jose 3 - Modesto 2
BOTTOM OF THE 7TH
Modesto Nuts batting - Pitching for San Jose Giants : RHP Art Putman
Pitching: LHP Jose Figueroa
Batting: RHB Jesus Gutierrez 0-0: Ball
1-0: SINGLE (Groundball, 56, EV 105.0 MPH)
Batting: RHB Joe Couch 0-0: Ball
1-0: Called Strike
1-1: Sac Bunt to 13 - play at first, batter OUT! 1-3
Jesus Gutierrez to second
Batting: RHB Danny Morales 0-0: Foul Ball, location: 2F
0-1: Ball
1-1: Ball
2-1: Foul Ball, location: 7LDF
2-2: Foul Ball, location: 2F
2-2: Strikes out swinging, 2-3 out at first.
Batting: RHB Jonathan Carll 0-0: Called Strike
0-1: Ball
1-1: Foul Ball, location: 2F
1-2: Strikes out swinging, 2-3 out at first.
Bottom of the 7th over - 0 runs, 1 hit, 0 errors, 1 left on base; San Jose 3 - Modesto 2
TOP OF THE 8TH
San Jose Giants batting - Pitching for Modesto Nuts : LHP Jim Gayle
Pitching: LHP Dave Myers
Batting: LHB Jonathan Duarte 0-0: Ball
1-0: Ball
2-0: Ground out 6-3 (Groundball, 56, EV 81.9 MPH)
Batting: RHB Jonathan Marrazzo 0-0: Ball
1-0: Ball
2-0: Fly out, F8 (Flyball, 8RM, EV 91.3 MPH)
Batting: LHB Jeff Reed 0-0: Called Strike
0-1: Ball
1-1: Ball
2-1: Called Strike
2-2: Foul Ball, location: 23FF
2-2: Strikes out swinging
Top of the 8th over - 0 runs, 0 hits, 0 errors, 0 left on base; San Jose 3 - Modesto 2
BOTTOM OF THE 8TH
Modesto Nuts batting - Pitching for San Jose Giants : LHP Jose Figueroa
Pitching: RHP Ivan Velez
Batting: RHB Fernando Gallegos 0-0: Fly out, F9 (Flyball, 9, EV 93.8 MPH)
Batting: SHB John Hardy 0-0: Ball
1-0: Foul Ball, location: 2F
1-1: Foul Ball, location: 2F
1-2: Ball
2-2: Foul Ball, location: 3F
2-2: Ball
3-2: DOUBLE (Flyball, 78XD, EV 100.6 MPH)
Batting: RHB Jorge Jacobo 0-0: Called Strike
0-1: Called Strike
0-2: Ball
1-2: Foul Ball, location: 2F
1-2: Ball
2-2: Ball
3-2: Fly out, F4 (Popup, 4M, EV 63.8 MPH)
Batting: RHB David Pender 0-0: Ground out 2-3 (Groundball, 15S, EV 71.3 MPH)
Bottom of the 8th over - 0 runs, 1 hit, 0 errors, 1 left on base; San Jose 3 - Modesto 2
TOP OF THE 9TH
San Jose Giants batting - Pitching for Modesto Nuts : LHP Dave Myers
Batting: RHB Campbell Ball 0-0: Ball
1-0: Called Strike
1-1: Ground out U3 (Groundball, 34, EV 83.8 MPH)
Batting: RHB Chris Meyer 0-0: Called Strike
0-1: Ball
1-1: Called Strike
1-2: SOLO HOME RUN (Flyball, 7D, EV 93.1 MPH), Distance : 366 ft
Batting: RHB John Epley 0-0: Ball
1-0: Called Strike
1-1: Ground out 6-3 (Groundball, 6, EV 88.1 MPH)
Batting: RHB William Rodriguez 0-0: Called Strike
0-1: Called Strike
0-2: Ball
1-2: Foul Ball, location: 2F
1-2: Strikes out swinging
Top of the 9th over - 1 run, 1 hit, 0 errors, 0 left on base; San Jose 4 - Modesto 2
BOTTOM OF THE 9TH
Modesto Nuts batting - Pitching for San Jose Giants : RHP Ivan Velez
Now in LF: Dan Harrison
Batting: LHB Matt Fahey 0-0: Ground out U3 (Groundball, 34, EV 105.0 MPH)
Batting: RHB Jesus Gutierrez 0-0: Swinging Strike
0-1: Fly out, F3 (Line Drive, 3, EV 70.0 MPH)
Batting: RHB Joe Couch 0-0: Ball
1-0: Foul Ball, location: 5FF
1-1: Ball
2-1: Swinging Strike
2-2: Strikes out swinging
Bottom of the 9th over - 0 runs, 0 hits, 0 errors, 0 left on base; San Jose 4 - Modesto 2
Thursday, May 16th , 2024 - OOTP Baseball 24.11 Build 85